 Dungeon Crawl Stone Soup version 0.24.0-123-gd5b16e6ec5 (webtiles) character file.

Game seed: 10666449056484601201, levelgen mode: deterministic

210 FluffierThanThou the Skirmisher (level 5, 0/43 HPs)
             Began as a Demonspawn Berserker on Jan 17, 2020.
             Was a Believer of Trog.
             Slain by an orc priest
             ... wielding a +0 hand axe
              (3 damage)
             ... on level 4 of the Dungeon.
             The game lasted 00:04:50 (2810 turns).

FluffierThanThou the Skirmisher (DsBe)              Turns: 2810, Time: 00:04:50

Health: 0/43       AC:  5    Str: 21    XL:     5   Next: 56%
Magic:  5/5        EV: 13    Int:  8    God:    Trog [**....]
Gold:   163        SH:  0    Dex: 13    Spells: 4/4 levels left

rFire    . . .     SeeInvis .   a - +0 hand axe
rCold    . . .     Gourm    .   (no shield)
rNeg     . . .     Faith    .   b - +0 animal skin
rPois    .         Spirit   .   d - +0 helmet (curse)
rElec    .         Reflect  .   k - scarf {cloud immunity}
rCorr    .         Harm     .   (no gloves)
MR       .....                  (no boots)
Stlth    +.........             (no amulet)
HPRegen  0.14/turn              r - +4 ring of slaying
MPRegen  0.09/turn              (no ring)

@: mighty, hasted, very quick
A: slimy green scales 1, blink, powered by pain 1, weak 1, MP-powered wands
a: Blink, Berserk, Trog's Hand, Renounce Religion


You were on level 4 of the Dungeon.
You worshipped Trog.
Trog was pleased with you.
You were not hungry.

You visited 1 branch of the dungeon, and saw 4 of its levels.

You collected 163 gold pieces.

Inventory:

Hand Weapons
 a - a +0 hand axe (weapon)
Armour
 b - a +0 animal skin (worn)
 d - a cursed +0 helmet (worn)
   (You found it on level 2 of the Dungeon)
 k - a scarf of cloud immunity (worn)
   (You found it on level 2 of the Dungeon)
Jewellery
 r - a +4 ring of slaying (left hand)
   (You found it on level 3 of the Dungeon)
Scrolls
 c - a scroll of blinking {unknown}
 g - 4 scrolls of remove curse {unknown}
 h - 4 scrolls of teleportation {unknown}
 i - a scroll of random uselessness {unknown}
 l - a scroll of fog {unknown}
 m - 2 scrolls of identify {unknown}
 o - a scroll of fear {unknown}
 p - 2 scrolls of amnesia {unknown}
 q - a scroll of enchant armour {unknown}
Potions
 f - 2 potions of agility {unknown}
 j - a potion of heal wounds {unknown}
Comestibles
 e - 5 rations {!d}
 n - 5 chunks of flesh


   Skills:
 * Level 4.6 Fighting
 + Level 3.4 Axes
 + Level 2.8 Armour
 + Level 2.8 Dodging


You had 4 spell levels left.
You didn't know any spells.
Your spell library was empty.

Dungeon Overview and Level Annotations

Branches:
Dungeon (4/15)
 Temple: D:4-7

Altars:
Fedhas
Sif Muna
Trog


Innate Abilities, Weirdness & Mutations

You are partially covered in slimy green scales. (AC +2)
You sometimes gain a little power by taking damage.
You can translocate small distances at will.
You are weak. (Str -2)
You expend magic power (3 MP) to strengthen your wands.


Message History

No target in view!
Things that are here:
a cursed -1 flail; a +0 robe; the human skeleton of Jessica You see here a spear.
Done exploring.
Done exploring.
(D) Dungeon
Where to? (Enter - D:3, ? - help)
Things that are here:
a cursed -1 flail; a +0 robe; the human skeleton of Jessica
There is a stone staircase leading down here.
You climb downwards. 2 orcs, 2 orc priests and an orc wizard come into view.
The orc priest shouts!
The orc shouts! x2; The orc wizard shouts!
Found a stone staircase leading down.
There is a stone staircase leading up here.
You hit the orc priest. You barely miss the orc priest.
The orc priest calls down the wrath of Beogh upon you.
Beogh smites you!
* * * LOW HITPOINT WARNING * * *
The orc priest barely misses you.
The orc throws a boomerang.
The boomerang barely misses you.
The weapon returns to the orc!
You hit the orc priest. You barely miss the orc priest. You hit the orc.
The orc priest barely misses you.
The orc throws a boomerang.
The boomerang hits you.
* * * LOW HITPOINT WARNING * * *
The weapon returns to the orc!
The orc hits you with a +0 flail.
* * * LOW HITPOINT WARNING * * *
The orc priest hits you with a +0 hand axe!
* * * LOW HITPOINT WARNING * * *
You focus on the pain.
You feel very mighty all of a sudden.
You barely miss the orc priest. You closely miss the orc wizard.
You slash the orc priest! You hit the orc.
You kill the orc!
Trog accepts your kill.
The orc throws a boomerang.
The boomerang misses you.
The weapon returns to the orc!
The orc wizard hits you with a +0 dagger.
* * * LOW HITPOINT WARNING * * *
The orc priest barely misses you.
The orc priest hits you with a +0 hand axe.
* * * LOW HITPOINT WARNING * * *
You feel yourself speed up.
The orc wizard hits you with a +0 dagger.
* * * LOW HITPOINT WARNING * * *
The orc throws a boomerang.
The boomerang barely misses you.
The weapon returns to the orc!
The orc priest barely misses you.
The orc priest hits you with a +0 hand axe.
You die...

#############..
#.....oo.o.....
#@.# #o)# #..#
#..# ..>. .#.##
. .. #. .#


You could see 2 orc priests, an orc wizard and an orc.

Vanquished Creatures
  An ice beast (D:3)
  Jessica (D:3)
  2 adders
  An ooze (D:3)
  A worm (D:3)
  2 leopard geckos (D:2)
  An orc (D:4)
  5 giant cockroaches
  11 goblins
  4 hobgoblins
  A quokka (D:3)
  11 bats
  9 frilled lizards
  10 kobolds
  8 rats
68 creatures vanquished.

Notes
Turn   | Place    | Note
-------+----------+-------------------------------------------
     0 | D:1      | FluffierThanThou the Demonspawn Berserker began the quest
                  | for the Orb.
     0 | D:1      | Reached XP level 1. HP: 18/18 MP: 1/1
   458 | D:1      | You fall into a shaft and drop 1 floor!
   483 | D:2      | Found a shimmering blue altar of Sif Muna.
   483 | D:2      | Found a blossoming altar of Fedhas.
   531 | D:2      | Gained mutation: You are partially covered in slimy green
                  | scales. (AC +2) [demonic ancestry]
   531 | D:2      | Reached XP level 2. HP: 13/24 MP: 2/2
   814 | D:2      | Gained mutation: You are weak. (Str -2) [potion of
                  | mutation]
   814 | D:2      | Gained mutation: You can translocate small distances at
                  | will. [potion of mutation]
   814 | D:2      | Gained mutation: You expend magic power (3 MP) to
                  | strengthen your wands. [potion of mutation]
   825 | D:2      | Gained mutation: You sometimes gain a little power by
                  | taking damage. [demonic ancestry]
   825 | D:2      | Reached XP level 3. HP: 4/29 MP: 3/3
  1273 | D:2      | Found a bloodstained altar of Trog.
  1315 | D:2      | Reached ** piety under Trog
  2298 | D:3      | Noticed an ice beast
  2306 | D:3      | Killed an ice beast
  2306 | D:3      | Reached skill level 4 in Fighting
  2306 | D:3      | Reached XP level 4. HP: 38/38 MP: 4/4
  2306 | D:3      | Reached XP level 5. HP: 42/43 MP: 5/5
  2725 | D:3      | Noticed Jessica
  2733 | D:3      | Killed Jessica
  2810 | D:4      | Slain by an orc priest

Levels and vault maps discovered:
D:1:      shiori_arrival_oz, layout_basic, minmay_misc_feat_doors,
          kennysheep_small_spiral
D:2:      layout_basic, gammafunk_temple_overflow_elements, marbit_many_paths,
          first_ration, minmay_quadrilaterals
D:3:      layout_basic, uniq_jessica
D:4:      layout_basic, kennysheep_generic_room_9, uniq_grinder

Skill      XL: |  1  2  3 |
---------------+----------+-----
Armour         | 2 |  2.8
Dodging        | 2 |  2.8
Axes           | 3 |  3.4
Fighting       | 4 |  4.6

Action                   |  1- 3 |  4- 6 || total
-------------------------+-------+-------++-------
Melee: Hand axe          |   193 |    56 ||   249
Invok: Berserk           |     1 |       ||     1
  Use: Potion            |     3 |     1 ||     4
 Stab: Sleeping          |     1 |     2 ||     3
  Eat: Chunk             |     5 |     2 ||     7
Armor: Animal skin       |    50 |    11 ||    61
       Skin              |    11 |       ||    11
Dodge: Dodged            |   141 |    35 ||   176
